 Dungeon Crawl Stone Soup version 0.17.0-15-g6d90897 (webtiles) character file.

922 MDvedh the Carver (level 7, 0/59 HPs)
             Began as a Minotaur Enchanter on Nov 10, 2015.
             Was a Believer of Dithmenos.
             Slain by a hound (2 damage)
             ... on level 6 of the Dungeon.
             The game lasted 00:11:16 (6056 turns).

MDvedh the Carver (Minotaur Enchanter)              Turns: 6056, Time: 00:11:16

Health: 0/59       AC:  6    Str: 14    XL:     7   Next: 84%
Magic:  8/8        EV: 12    Int: 12    God:    Dithmenos [**....]
Gold:   239        SH:  0    Dex: 11    Spells: 0 memorised, 8 levels left

rFire  . . .     SeeInvis .     t - +1 long sword
rCold  . . .     Clarity  +     b - +2 robe
rNeg   . . .     SustAt   .     (no shield)
rPois  .         Gourm    .     r - +1 hat
rElec  .         Spirit   .     (no cloak)
rCorr  .         Warding  .     (no gloves)
rMut   .         Stasis   .     v - +0 pair of boots
MR     .....                    y - amulet of clarity
Stlth  ++........               (no ring)
                                (no ring)

@: wreathed by umbra, not resistant to hostile enchantments, unstealthy
A: retaliatory headbutt, horns 2
a: Shadow Step, Renounce Religion


You were on level 6 of the Dungeon.
You worshipped Dithmenos.
Dithmenos was pleased with you.
You were hungry.

You visited 1 branch of the dungeon, and saw 6 of its levels.

You collected 239 gold pieces.

Inventory:

Hand Weapons
 g - a +2 dagger of speed
 t - a +1 long sword (weapon)
Armour
 b - a +2 robe (worn)
 r - a +1 hat (worn)
 v - a +0 pair of boots (worn)
Jewellery
 y - an amulet of clarity (around neck)
Wands
 a - a wand of draining (10)
Scrolls
 e - a scroll of enchant weapon
 f - a scroll of identify
 l - a scroll of remove curse
 n - 3 scrolls of enchant armour
Potions
 k - 2 potions of brilliance
 q - 2 potions of flight
 x - a potion of cancellation
Books
 c - a book of Maledictions

   Spells                             Type                      Level
   a - Corona                         Hexes                        1
   b - Ensorcelled Hibernation        Hexes/Ice                    2
   c - Confuse                        Hexes                        3
   d - Tukima's Dance                 Hexes                        3
   e - Dazzling Spray                 Conjuration/Hexes            3
Comestibles
 d - 6 bread rations
 i - 6 fruits
 s - a slice of pizza


   Skills:
 - Level 4.2 Fighting
 - Level 1.1(5.1) Short Blades
 + Level 8.9 Long Blades
   Level 3.5 Maces & Flails
 - Level 2.1 Dodging
 - Level 2.4 Stealth
 - Level 1.3 Spellcasting
   Level 2.0 Hexes


You had 8 spell levels left.
You didn't know any spells.

Dungeon Overview and Level Annotations

Branches:
Dungeon (6/15)             Temple (0/1) D:4

Altars:
Cheibriados
Dithmenos
Fedhas
Ru
Trog
Vehumet


Innate Abilities, Weirdness & Mutations

You reflexively headbutt those who attack you in melee.
You have a pair of horns on your head.


Message History

You feel better.
The orc priest hits you with a short sword.
* * * LOW HITPOINT WARNING * * *
Unknown command.
Unknown command.
The hound barely misses you. The hound closely misses you.
The orc priest calls upon Beogh to heal the orc.
The orc's wounds heal themselves!
The hound barely misses you.
The orc priest calls down the wrath of Beogh upon you.
Something smites you!
* * * LOW HITPOINT WARNING * * *
The hound barely misses you.
Unknown command.
Drink which item? (? for menu, Esc to quit)
Okay, then.
Read which item? (? for menu, Esc to quit)
As you read the scroll labeled SIONENKA BINIRR, it crumbles to dust.
The scroll dissolves into smoke.
It was a scroll of fog.
The hound bites you.
You die...

# #.....# .# ##
#.##.....##.# ..
.......$...### #>
#..........# #.
#..........# ###
#.#######.$(.....# #.#
#.#§..o.oo##.<...# #<#
.....###§#h########.....#
##.# ........§§@# ###.#.#
.#.# #..###.#§#§# .# #
.#.# #..# #.#.#§# .# .<.#
#..# #.#.#.# .# .### #..#
#.#.#.# .# .# #..#
#.#.#.# .# .##
###..###.#.#.#####.. >#
..###..................#
.........###.#.#.#.######


You could see a hound.

Vanquished Creatures
  Menkaure (D:5)
  An ogre (D:5)
  A centaur (D:5)
  2 scorpions (D:4)
  A crimson imp (D:5)
  A centaur skeleton (D:5)
  An iguana (D:4)
  An orc priest (D:3)
  2 hounds (D:5)
  5 orc wizards
  A worker ant (D:4)
  9 adders
  A shadow imp (D:5)
  A worm (D:2)
  3 giant geckos
  10 orcs
  13 bats
  5 giant cockroaches
  12 goblins
  13 hobgoblins
  6 jackals
  4 kobolds
  5 quokkas
  9 giant newts
  3 rats
111 creatures vanquished.

Vanquished Creatures (others)
  2 fungi (D:4)
2 creatures vanquished.

Grand Total: 113 creatures vanquished

Notes
Turn   | Place    | Note
--------------------------------------------------------------
     0 | D:1      | MDvedh the Minotaur Enchanter began the quest for the Orb.
     0 | D:1      | Reached XP level 1. HP: 14/14 MP: 1/1
    28 | D:1      | Reached skill level 1 in Fighting
   683 | D:1      | Reached XP level 2. HP: 21/24 MP: 3/3
   956 | D:1      | Reached skill level 1 in Maces & Flails
  1511 | D:2      | Reached XP level 3. HP: 28/30 MP: 4/4
  1540 | D:2      | Found a faded altar to an unknown god.
  1650 | D:2      | Became a worshipper of Dithmenos the Shadowed
  1650 | D:2      | Reached * piety under Dithmenos
  1777 | D:2      | Reached skill level 3 in Fighting
  1805 | D:2      | Reached XP level 4. HP: 6/38 MP: 5/5
  2856 | D:3      | Reached ** piety under Dithmenos
  2856 | D:3      | Reached skill level 4 in Fighting
  3058 | D:3      | Found a radiant altar of Vehumet.
  3109 | D:3      | Reached XP level 5. HP: 46/46 MP: 6/6
  3229 | D:3      | Reached skill level 1 in Long Blades
  3998 | D:4      | Reached XP level 6. HP: 41/52 MP: 7/7
  4190 | D:4      | Reached skill level 5 in Long Blades
  4256 | D:4      | Found a staircase to the Ecumenical Temple.
  4409 | D:5      | Entered Level 5 of the Dungeon
  4432 | D:5      | Found a sacrificial altar of Ru.
  4571 | D:5      | HP: 2/52 [orc wizard/dagger (4)]
  4703 | D:5      | Reached skill level 6 in Long Blades
  4954 | D:5      | Reached XP level 7. HP: 59/59 MP: 8/8
  5092 | D:5      | Found a bloodstained altar of Trog.
  5092 | D:5      | Found a snail-covered altar of Cheibriados.
  5313 | D:5      | Noticed Menkaure
  5322 | D:5      | Killed Menkaure
  5322 | D:5      | Reached skill level 7 in Long Blades
  5488 | D:5      | Reached skill level 8 in Long Blades
  6039 | D:6      | Found a blossoming altar of Fedhas.
  6053 | D:6      | HP: 1/59 [orc priest/divine providence (15)]
  6056 | D:6      | Slain by a hound

Action                   |  1- 3 |  4- 6 |  7- 9 || total
-------------------------+-------+-------+-------++-------
Melee: Dagger            |   132 |   117 |    27 ||   276
       Long sword        |       |   115 |    29 ||   144
  Use: Scroll            |       |     6 |     7 ||    13
       Potion            |       |     7 |     1 ||     8
 Stab: Sleeping          |     1 |     7 |       ||     8
       Invisible         |       |     1 |       ||     1
       Paralysed         |       |     1 |       ||     1
  Eat: Chunk             |     3 |     6 |     1 ||    10
       Pizza             |       |     1 |       ||     1
       Royal jelly       |       |     1 |     1 ||     2
